 Seeded DCSS version 0.28-a0-906-g0406aca7d3 (webtiles) character file.

Game seed: 15287054574129376070 (custom seed)

4 123456 the Skirmisher (level 1, 0/24 HPs)
             Began as an Ogre Fighter on Nov 23, 2021.
             Slain by a hobgoblin (2 damage)
             ... on level 1 of the Dungeon.
             The game lasted 00:00:28 (322 turns).

123456 the Skirmisher (Ogre Fighter)                 Turns: 322, Time: 00:00:29

Health: 0/24       AC:  3    Str: 19    XL:     1   Next: 70%
Magic:  1/1        EV:  8    Int:  9    God:
Gold:   0          SH:  7    Dex:  8    Spells: 0/0 levels left

rFire   . . .      SeeInvis .   a - +0 flail
rCold   . . .      Faith    .   c - +0 kite shield
rNeg    . . .      Spirit   .   b - +0 robe
rPois   .          Reflect  .   (helmet restricted)
rElec   .          Harm     .   (no cloak)
rCorr   .          Rampage  .   (gloves unavailable)
Will    .....                   (boots unavailable)
Stlth   +.........              (no amulet)
HPRegen 0.08/turn               (no ring)
MPRegen 0.07/turn               (no ring)

@: no status effects
A: large, unfitting armour, tough skin 1
a: no special abilities


You were on level 1 of the Dungeon.
You visited 1 branch of the dungeon, and saw 1 of its levels.

Inventory:

Hand Weapons
 a - a +0 flail (weapon)
Armour
 b - a +0 robe (worn)
 c - a +0 kite shield (worn)
Potions
 d - a potion of might


   Skills:
 * Level 4.2 Fighting
 * Level 1.9 Maces & Flails
 + Level 0.1 Armour
 + Level 2.7 Dodging
 - Level 2.6 Shields


You couldn't memorise any spells.
You didn't know any spells.
Your spell library was empty.

Dungeon Overview and Level Annotations

Branches:
Dungeon (1/15)

Altars:
Sif Muna


Innate Abilities, Weirdness & Mutations

You are too large for most types of armour.
You have tough skin. (AC +1)


Message History

You are too injured to fight recklessly!
You are too injured to fight recklessly!
You are too injured to fight recklessly!
You are too injured to fight recklessly!
You are too injured to fight recklessly!
You are too injured to fight recklessly!
You are too injured to fight recklessly!
You are too injured to fight recklessly!
You are too injured to fight recklessly!
Unknown command.
Unknown command.
You see here a bat corpse.
You barely miss the rat. The rat bites you but does no damage.
The rat bites you.
You sock the rat!
You kill the rat!
The hobgoblin hits you.
You barely miss the hobgoblin. The hobgoblin hits you.
* * * LOW HITPOINT WARNING * * *
You closely miss the hobgoblin. The hobgoblin closely misses you.
You block the hobgoblin's attack.
You closely miss the hobgoblin. The hobgoblin hits you.
* * * LOW HITPOINT WARNING * * *
Unknown command.
You hit the hobgoblin.
The hobgoblin is severely wounded.
The hobgoblin hits you.
* * * LOW HITPOINT WARNING * * *
The hobgoblin closely misses you.
You barely miss the hobgoblin.
The hobgoblin is severely wounded.
The hobgoblin hits you but does no damage.
You closely miss the hobgoblin.
The hobgoblin is severely wounded.
The hobgoblin closely misses you. You block the hobgoblin's attack.
Unknown command.
You closely miss the hobgoblin.
The hobgoblin is severely wounded.
The hobgoblin hits you.
You die...

....#.# .. ...>#.# #.. #. .
....#.# #####...#.. ..
...#.#### #.. ...... ...
#.....#### #.##.##.# .
....##........####.#.......
#........##..#⌠....#.#.###
#####.....###@gJ._.........
####......####
###...†........
..##.####.#####
##..#........ ...#
#.....###......:...... ...#
#..................... ...+
#...)).......##....... ...#
#...........## ....... ...#
#..........########### ..##
#######.#......


You could see an endoplasm and a hobgoblin.

Vanquished Creatures
  A goblin (D:1)
  A ball python (D:1)
  A bat (D:1)
  A kobold (D:1)
  2 rats (D:1)
6 creatures vanquished.

Notes
Turn   | Place    | Note
-------+----------+-------------------------------------------
     0 | D:1      | 123456 the Ogre Fighter began the quest for the Orb.
     0 | D:1      | Reached XP level 1. HP: 24/24 MP: 1/1
    21 | D:1      | Found a shimmering blue altar of Sif Muna.
   118 | D:1      | Found a faded altar of an unknown god.
   319 | D:1      | HP: 1/24 [hobgoblin (3)]
   322 | D:1      | Slain by a hobgoblin

Illustrated notes

Levels and vault maps discovered:
D:1:      kennysheep_arrival_forest, layout_rooms,
          ebering_ecumenical_altar_abandoned, kennysheep_flooded_box

Action                   || total
-------------------------++-------
Melee: Flail             ||    30
Armor: Robe              ||     9
Dodge: Dodged            ||    16
Block: Kite shield       ||    15

Table legend: (Time is in decaauts)
 A = Elapsed time spent in this place.
 B = Non-inter-level travel time spent in this place.
 C = Inter-level travel time spent in this place.
 D = Time resting spent in this place.
 E = Time spent auto-exploring this place.
 F = Levels seen in this place.
 G = Mean time per level.
                   A        B        C        D        E       F      G
               +--------+--------+--------+--------+--------+-----+--------+
         Total |    336 |    336 |      0 |      0 |    272 |   1 |  336.0 |
       Dungeon |    336 |    336 |      0 |      0 |    272 |   1 |  336.0 |
               +--------+--------+--------+--------+--------+-----+--------+

Top non-repeatable levels by time:
     D:1: 336 daAuts
